 Dungeon Crawl Stone Soup version 0.31-a0-217-g58bb5d79cf (webtiles) character file.

Game seed: 10366938339130702945

332 qw the Shooter (level 6, 0/38 HPs)
             Began as a Gargoyle Hexslinger on July 2, 2023.
             Slain by a wraith (5 damage)
             ... in an ossuary.
             The game lasted 00:01:22 (2953 turns).

qw the Shooter (Gargoyle Hexslinger)                Turns: 2953, Time: 00:01:23

Health: 0/38       AC: 10    Str: 11    XL:     6   Next: 52%
Magic:  7/7        EV: 10    Int: 14    God:
Gold:   198        SH:  5    Dex: 14    Spells: 6/7 levels left

rFire   . . .        Y - +1 sling
rCold   . . .        (no shield)
rNeg    + . .        f - +0 ring mail
rPois   inf          (no helmet)
rElec   +            (no cloak)
rCorr   .            (no gloves)
SInv    .            e - +0 pair of boots
Will    .....        c - amulet of reflection
Stlth   +            (no ring)
HPRegen 0.26/turn    (no ring)
MPRegen 0.10/turn

%: reflection
@: no status effects
A: sickness immunity, AC +4, negative energy resistance 1, electricity
resistance, torment resistance 1, petrification resistance
a: no special abilities


You were in an ossuary.
You visited 1 branch of the dungeon, and saw 4 of its levels.
You also visited: Ossuary.

You collected 198 gold pieces.


Innate Abilities, Weirdness & Mutations

You are immune to sickness and miasma.
Your stone body is resilient. (AC +4)
You are immune to poison.
You resist negative energy. (rN+)
You are resistant to electric shocks. (rElec)
You are resistant to unholy torment.
You are immune to petrification.


   Skills:
 - Level 3.6 Fighting
 + Level 5.3 Ranged Weapons
 - Level 2.0 Armour
 - Level 1.5 Dodging
 - Level 1.0 Spellcasting
 - Level 2.6 Hexes


You had 6 spell levels left.
You knew the following spells:

 Your Spells              Type           Power      Damage    Failure   Level
a - Slow                  Hex            32%        N/A       21%         1

Your spell library contained the following spells:

 Spells                   Type           Power      Damage    Failure   Level
 Inner Flame              Hex/Fire       4%         N/A       71%         3
 Portal Projectile        Hex/Tloc       8%         N/A       71%         3
 Cause Fear               Hex            4%         N/A       90%         4

Inventory:

Hand Weapons
 Y - a +1 sling (weapon)
Armour
 e - a +0 pair of boots (worn)
 f - a +0 ring mail (worn)
Jewellery
 c - an amulet of reflection (around neck)
Scrolls
 g - a scroll of teleportation {unknown}
Potions
 a - a potion of berserk rage {unknown}
 b - a potion of heal wounds {unknown}
 d - a potion of curing {unknown}

Dungeon Overview and Level Annotations

Branches:
Dungeon (4/15)            Ossuary (1/1)
 Temple: D:4-7

Altars:
Gozag
Zin


Message History

The wraith barely misses you. The wraith hits you.
You shoot a sling bullet. The sling bullet hits the wraith.
The wraith is lightly damaged.
The wraith closely misses you.
You shoot a sling bullet.
The sling bullet barely misses the wraith.
The wraith hits you!
You shoot a sling bullet.
The sling bullet closely misses the wraith.
You block the wraith's attack. The wraith hits you.
The wraith drains your vigour!
You feel yourself slow down.
You shoot a sling bullet.
The sling bullet closely misses the wraith.
The wraith hits you but does no damage. The wraith closely misses you.
You shoot a sling bullet. The sling bullet hits the wraith.
The wraith is lightly damaged.
The wraith misses you.
You shoot a sling bullet.
The sling bullet barely misses the wraith.
The wraith hits you but does no damage. The wraith closely misses you.
You shoot a sling bullet.
The sling bullet hits the wraith but does no damage.
The wraith is lightly damaged.
The wraith hits you. You block the wraith's attack.
You shoot a sling bullet.
The sling bullet hits the wraith but does no damage.
The wraith is lightly damaged.
You feel yourself speed up. The wraith hits you! You block the wraith's attack.
You shoot a sling bullet. The sling bullet hits the wraith.
The wraith is lightly damaged.
The wraith hits you but does no damage.
You shoot a sling bullet.
The sling bullet hits the wraith but does no damage.
The wraith is lightly damaged.
The wraith closely misses you.
You shoot a sling bullet.
The sling bullet barely misses the wraith.
The wraith completely misses you. The wraith hits you.
You die...

...#####...
.##...##. .
##.?!..## . ..
.???.!. .. ...
.?!!. ... #...
... ...# .
#...##W##...# ...
#....@....#
....#####'#####..
.................
.................
########'''######
####...# #..'...+
#.?#...# ####...#


You could see a wraith.

Vanquished Creatures
  A bullfrog (D:4)
  2 howler monkeys
  An orc priest (D:3)
  Ijyb (D:3)
  A mummy (Ossuary)
  2 adders
  4 dart slugs
  6 orcs
  11 endoplasms
  3 giant cockroaches
  3 goblins
  7 hobgoblins
  5 jackals (D:2)
  A quokka (D:2)
  11 ball pythons
  4 bats
  3 frilled lizards
  4 gnoll skeletons (Ossuary)
  10 kobolds
  2 kobold skeletons (Ossuary)
  3 orc skeletons (Ossuary)
  9 rats
94 creatures vanquished.

Notes
Turn   | Place    | Note
-------+----------+-------------------------------------------
     0 | D:1      | qw the Gargoyle Hexslinger began the quest for the Orb.
     0 | D:1      | Reached XP level 1. HP: 12/12 MP: 2/2
     0 | D:1      | 0 ||| qw: Version: 0.3-a-40-ge99b1a8
     0 | D:1      | 0 ||| qw: Game counter: 153
     0 | D:1      | 0 ||| qw: Melee chars always use a shield: true
     0 | D:1      | 0 ||| qw: God list: Okawaru
     0 | D:1      | 0 ||| qw: Allow faded altars: false
     0 | D:1      | 0 ||| qw: Do Orc after clearing Dungeon:15 true
     0 | D:1      | 0 ||| qw: Do second Lair branch before Depths: true
     0 | D:1      | 0 ||| qw: Lair rune preference: random
     0 | D:1      | 0 ||| qw: Goals: Normal
     0 | D:1      | 0 ||| PLANNING D:1-11
   111 | D:1      | Reached XP level 2. HP: 16/16 MP: 3/3
   161 | D:1      | Reached skill level 3 in Ranged Weapons
   273 | D:1      | Reached XP level 3. HP: 21/21 MP: 4/4
   628 | D:1      | 628 ||| UPGRADING to +0 ring mail.
   638 | D:1      | 638 ||| DROPPING +0 robe.
   639 | D:1      | 639 ||| DRINKING 2 bubbling red potions.
   640 | D:1      | 640 ||| DROPPING scroll of poison.
   641 | D:1      | 641 ||| DROPPING potion of brilliance.
  1297 | D:2      | 1297 ||| READING 2 scrolls labelled JECVOQINEV.
  1298 | D:2      | 1298 ||| READING scroll labelled UNTITR UDDUN.
  1313 | D:2      | 1313 ||| DROPPING scroll of blinking.
  1374 | D:3      | Reached skill level 4 in Ranged Weapons
  1374 | D:3      | Reached XP level 4. HP: 24/26 MP: 5/5
  1586 | D:3      | Reached XP level 5. HP: 25/30 MP: 6/6
  1649 | D:3      | 1649 ||| FLEEEEING.
  1655 | D:3      | 1655 ||| FLEEEEING.
  1656 | D:3      | 1656 ||| FLEEEEING.
  1745 | D:3      | Noticed Ijyb
  1760 | D:3      | Killed Ijyb
  1841 | D:3      | Found an opulent altar of Gozag.
  2067 | D:3      | Found a glowing silver altar of Zin.
  2210 | D:3      | 2210 ||| READING scroll labelled ZUNLEOWN RUNGA.
  2248 | D:4      | 2248 ||| PLANNING OSSUARY
  2307 | D:4      | Reached skill level 5 in Ranged Weapons
  2668 | D:4      | Reached skill level 3 in Fighting
  2668 | D:4      | Reached XP level 6. HP: 20/38 MP: 7/7
  2793 | D:4      | Found a sand-covered staircase.
  2794 | D:4      | 2794 ||| UPGRADING to +0 pair of boots.
  2799 | D:4      | 2799 ||| UPGRADING to amulet of reflection.
  2804 | D:4      | 2804 ||| READING scroll labelled ECKEUVVIOXT.
  2813 | Ossuary  | Entered an ossuary
  2813 | Ossuary  | Noticed a wraith
  2813 | Ossuary  | Noticed a wraith
  2813 | Ossuary  | Noticed a wraith
  2937 | Ossuary  | Noticed a wraith
  2950 | Ossuary  | HP: 4/38 [wraith (10)]
  2953 | Ossuary  | Slain by a wraith

Levels and vault maps discovered:
D:1:      co_arrival_random_square_maze, layout_basic
D:2:      layout_loops_cross, minmay_tree_intersection
D:3:      layout_loops_corners, lemuel_doored_altar,
          mainiacjoe_overflow_alcove_1, uniq_ijyb
D:4:      layout_basic, nicolae_uskayaw_murder_on_the_dancefloor,
          enter_ossuary_3, hangedman_decor_lopped
Ossuary:  ossuary_due_mausoleum

Skill      XL: |  1  2  3  4  5 |
---------------+----------------+-----
Ranged Weapons | 3 4 5 |  5.3
Fighting       | 2 3 |  3.6
Armour         | 2 |  2.0
Dodging        | |  1.5
Spellcasting   | |  1.0
Hexes          | |  2.6

Action                     |  1- 3 |  4- 6 || total
---------------------------+-------+-------++-------
   Fire: Sling             |   154 |   208 ||   362
    Use: Scroll            |     2 |     2 ||     4
         Potion            |     1 |       ||     1
 Armour: Robe              |     5 |       ||     5
         Ring mail         |    28 |    61 ||    89
  Dodge: Dodged            |    46 |    70 ||   116
  Block: Other             |       |    13 ||    13

Table legend:
 A = Non-vault XP
 B = Vault XP
 C = Vault XP percentage of total XP
 D = Non-vault monster count
 E = Vault monster count
 F = Vault count percentage of total count
                 A         B        C        D         E       F
            +---------+---------+-------+---------+---------+-------
      Total |     413 |      62 |  13.1 |      83 |      11 |  11.7
            +---------+---------+-------+---------+---------+-------
        D:1 |      42 |       0 |   0.0 |      26 |       0 |   0.0
        D:2 |      36 |       0 |   0.0 |      21 |       0 |   0.0
        D:3 |     146 |      35 |  19.3 |      23 |       1 |   4.2
        D:4 |     189 |       0 |   0.0 |      13 |       0 |   0.0
    Ossuary |       0 |      27 | 100.0 |       0 |      10 | 100.0
            +---------+---------+-------+---------+---------+-------
